 Dungeon Crawl Stone Soup version 0.26.1-11-gd32895ea62 (webtiles) character file.

Game seed: 14379965476942599412

46 Saba the Bolt Thrower (level 3, -3/22 HPs)
             Began as a Gargoyle Hunter on July 5, 2021.
             Killed by nerve-wracking pain
             ... invoked by Jessica
              (6 damage)
             ... on level 2 of the Dungeon.
             The game lasted 00:02:01 (1383 turns).

Saba the Bolt Thrower (Gargoyle Hunter)             Turns: 1383, Time: 00:02:01

Health: -3/22      AC: 11    Str: 16    XL:     3   Next: 66%
Magic:  3/3        EV: 11    Int: 11    God:
Gold:   64         SH:  0    Dex: 10    Spells: 2/2 levels left

rFire    . . .     SeeInvis .   c - +0 dagger (holy)
rCold    . . .     Faith    .   (no shield)
rNeg     + . .     Spirit   .   l - +0 chain mail
rPois    ∞         Reflect  .   (no helmet)
rElec    +         Harm     .   (no cloak)
rCorr    .         Rampage  .   (no gloves)
Will     .....                  (no boots)
Stlth    ..........             (no amulet)
HPRegen  0.07/turn              f - +4 ring of evasion
MPRegen  0.08/turn              (no ring)

@: no status effects
A: negative energy resistance 1, electricity resistance, unbreathing,
petrification resistance, miasma immunity, AC +3
a: no special abilities


You were on level 2 of the Dungeon.
You visited 1 branch of the dungeon, and saw 3 of its levels.

You collected 64 gold pieces.

Inventory:

Hand Weapons
 a - a +1 hand crossbow
 c - a +0 dagger of holy wrath (weapon)
Missiles
 d - 40 bolts
Armour
 l - a +0 chain mail (worn)
Jewellery
 f - a +4 ring of evasion (left hand)
Scrolls
 e - 2 scrolls of remove curse {unknown}
 i - a scroll of amnesia {unknown}
Potions
 g - a potion of curing
 h - a potion of berserk rage {unknown}
 j - a potion of mutation {unknown}
 k - a potion of heal wounds {unknown}


   Skills:
 + Level 2.8 Fighting
 + Level 4.3 Crossbows
 + Level 1.4 Armour
 + Level 2.1 Dodging
 - Level 1.1 Stealth


You had 2 spell levels left.
You didn't know any spells.
Your spell library was empty.

Dungeon Overview and Level Annotations

Branches:
Dungeon (3/15)

Altars:

Annotations:
D:2 Jessica


Innate Abilities, Weirdness & Mutations

You are resistant to torment.
Your stone body is resilient. (AC +3)
You are immune to poison.
You resist negative energy. (rN+)
You are resistant to electric shocks. (rElec)
You can survive without breathing.
You are immune to petrification.
You are immune to miasma.


Message History

No target in view!
No target in view!
No target in view!
An orc priest comes into view. It is wielding a +0 dagger.
The orc priest shouts!
You hear a shout! x2
The orc priest calls down the wrath of Beogh upon you.
Beogh smites you!
The orc priest mumbles some strange prayers to Beogh against you.
Pain shoots through your body!
* * * LOW HITPOINT WARNING * * *
The orc priest mumbles some strange prayers to Beogh against you.
Pain shoots through your body!
* * * LOW HITPOINT WARNING * * *
There is a stone staircase leading up here.
You climb upwards.
Level annotation: Jessica
There is a stone staircase leading down here.
Jessica casts a spell at you. Pain shoots through your body!
You die...

#......#.#.....#
###......#......@#
####........#.......#
#....#......#.@§?...# .
###.####......#.##.####
.##...# ##.###..># .#
....### #.#....#...#
....### ###...##.#.###
#.....###...## #@..#
..##...#...## #.###
.####.....######.#### #
#...........#.....#
.....................
###..................
#...........>......
#..................
#..................


You could see Jessica.

Vanquished Creatures
  An adder (D:3)
  A worm (D:3)
  A dart slug (D:3)
  3 leopard geckos
  3 giant cockroaches
  4 goblins
  2 hobgoblins
  2 jackals (D:1)
  2 kobolds
  A ball python (D:1)
  3 bats
  2 frilled lizards (D:3)
  3 rats
28 creatures vanquished.

Vanquished Creatures (others)
  32 plants (D:3)
32 creatures vanquished.

Grand Total: 60 creatures vanquished

Notes
Turn   | Place    | Note
-------+----------+-------------------------------------------
     0 | D:1      | Saba the Gargoyle Hunter began the quest for the Orb.
     0 | D:1      | Reached XP level 1. HP: 12/12 MP: 1/1
   577 | D:1      | Reached XP level 2. HP: 14/18 MP: 2/2
  1023 | D:2      | Reached skill level 1 in Armour
  1066 | D:2      | Noticed Jessica
  1110 | D:3      | Reached XP level 3. HP: 11/22 MP: 3/3
  1383 | D:2      | Killed from afar by Jessica

Illustrated notes

Levels and vault maps discovered:
D:1:      minmay_arrival_diagonal_passages, layout_basic
D:2:      layout_rooms, uniq_jessica
D:3:      layout_rooms, xom_teletrap_fun, serial_bayou_lagoon_a

Skill      XL: |  1  2 |
---------------+-------+-----
Armour         | 1 |  1.4
Dodging        | 2 |  2.1
Fighting       | |  2.8
Crossbows      | |  4.3
Stealth        | |  1.1

Action                   || total
-------------------------++-------
Melee: Short sword       ||   120
       Dagger            ||    31
  Use: Potion            ||     2
 Stab: Sleeping          ||     1
Armor: Leather armour    ||    19
       Chain mail        ||    54
Dodge: Dodged            ||    98
